 Dungeon Crawl Stone Soup version 0.21-a0-510-g5070ee8bc0 (webtiles) character file.

152 Kaname the Conjurer (level 5, 12/35 HPs)
             Began as a Demonspawn Wizard on Dec 1, 2017.
             Quit the game on level 3 of the Dungeon.
             The game lasted 00:06:42 (2592 turns).

Kaname the Conjurer (Demonspawn Wizard)             Turns: 2592, Time: 00:06:42

Health: 12/35      AC:  9    Str:  7    XL:     5   Next: 11%
Magic:  8/9        EV: 12    Int: 21    God:
Gold:   128        SH:  0    Dex: 11    Spells: 1/10 levels left

rFire    . . .     SeeInvis .   r - +0 hand axe (flame)
rCold    . . .     Gourm    .   (no shield)
rNeg     . . .     Faith    .   a - +0 robe
rPois    .         Spirit   .   s - +0 helmet
rElec    .         Reflect  .   (no cloak)
rCorr    .         Harm     .   (no gloves)
MR       .....                  (no boots)
Stlth    ++........             (no amulet)
HPRegen  0.11/turn              (no ring)
MPRegen  0.11/turn              (no ring)

@: sanguine armour
A: powered by pain 1, sanguine armour 1
a: no special abilities


You were on level 3 of the Dungeon.
You were not hungry.

You visited 1 branch of the dungeon, and saw 3 of its levels.

You collected 128 gold pieces.

Inventory:

Hand Weapons
 r - a +0 hand axe of flaming (weapon)
 t - a +0 spear
 x - a +0 blowgun
Missiles
 i - 82 poisoned needles
 q - 6 tomahawks (quivered)
Armour
 a - a +0 robe (worn)
 s - a +0 helmet (worn)
Jewellery
 l - an uncursed amulet of faith
Scrolls
 g - 6 scrolls of identify {unknown}
 k - 2 scrolls of teleportation {unknown}
 m - a scroll of fog {unknown}
 u - a scroll of remove curse {unknown}
 w - 2 scrolls of amnesia {unknown}
Potions
 b - a potion of resistance {unknown}
 e - a potion of cancellation {unknown}
 f - a potion of flight {unknown}
 h - a potion of brilliance {unknown}
 j - 2 potions of heal wounds {unknown}
 n - a potion of haste {unknown}
 o - 2 potions of agility {unknown}
Comestibles
 c - a royal jelly
 d - 2 bread rations
 p - 4 fruits


   Skills:
 - Level 1.7 Dodging
 - Level 1.7 Stealth
 - Level 3.0 Spellcasting
 + Level 4.5 Conjurations
   Level 1.0 Summonings
 - Level 1.0 Translocations
 - Level 1.0 Air Magic
 - Level 1.1 Poison Magic


You had one spell level left.
You knew the following spells:

 Your Spells              Type           Power        Failure   Level  Hunger
a - Magic Dart            Conj           ###.         1%          1    None
b - Blink                 Tloc           N/A          13%         2    ##.....
c - Mephitic Cloud        Conj/Pois/Air  ##......     16%         3    ###....
d - Conjure Flame         Conj/Fire      ##......     16%         3    ###....


Dungeon Overview and Level Annotations

Branches:
Dungeon (3/15)

Altars:


Innate Abilities, Weirdness & Mutations

You sometimes gain a little power by taking damage.
When seriously injured, your bleeding wounds create armour. (AC +6)


Message History

Confirm with . or Enter, or press ? or * to list all spells.
Aiming: Magic Dart
Press: ? - help, Shift-Dir - straight line, f/p - orc priest
Aim: an orc priest, wielding a mace (heavily wounded, poisoned)
The magic dart hits the orc priest.
The orc priest is almost dead.
The orc priest hits you with a mace!
You focus on the pain.
You feel your power returning.
Casting: Magic Dart
Confirm with . or Enter, or press ? or * to list all spells.
Aiming: Magic Dart
Press: ? - help, Shift-Dir - straight line, f/p - orc priest
Aim: an orc priest, wielding a mace (almost dead, poisoned)
The magic dart hits the orc priest.
You kill the orc priest!
You have reached level 5!
Your demonic ancestry asserts itself...
You feel your blood ready itself to protect you.
Your blood congeals into armour.
Are you sure you want to abandon this character and quit the game? (Confirm with "yes".)

..# #......# ..#### ###......#
.....# #.'......# ####†#
#.#......# ####.# #.###....#
.....# #.# #....# ######
#.#####)#### .....
...######.##..†....# #####
#.(..((.)@..##.......###
########.##.#########...........
.)..o..o..).........'............
#########.#.##.######.......###.#
#...##.#............# #.#
#..##.#............###.#
#..##.#......###.#.....#
#.....'......+ .#.....#
##.##.#......###+#......


There were no monsters in sight!

Vanquished Creatures
  An orc priest (D:3)
  An orc wizard (D:3)
  2 adders (D:2)
  An ooze (D:1)
  2 dart slugs
  A leopard gecko (D:2)
  10 orcs (D:3)
  2 giant cockroaches
  4 goblins
  5 hobgoblins
  10 kobolds
  A quokka (D:3)
  12 bats
  3 frilled lizards
  10 rats
65 creatures vanquished.

Notes
Turn   | Place    | Note
-------+----------+-------------------------------------------
     0 | D:1      | Kaname the Demonspawn Wizard began the quest for the Orb.
     0 | D:1      | Reached XP level 1. HP: 13/13 MP: 4/4
   365 | D:1      | Reached skill level 2 in Conjurations
   379 | D:1      | Gained mutation: You sometimes gain a little power by taking damage. [demonic ancestry]
   379 | D:1      | Reached XP level 2. HP: 19/19 MP: 1/6
   428 | D:1      | Learned a level 2 spell: Blink
  1061 | D:2      | Reached skill level 3 in Conjurations
  1061 | D:2      | Reached XP level 3. HP: 24/24 MP: 1/7
  1124 | D:2      | Learned a level 3 spell: Mephitic Cloud
  1172 | D:2      | Reached skill level 1 in Translocations
  1331 | D:2      | Reached skill level 1 in Air Magic
  1915 | D:3      | Reached skill level 1 in Poison Magic
  2028 | D:3      | Reached XP level 4. HP: 21/30 MP: 4/8
  2042 | D:3      | Learned a level 3 spell: Conjure Flame
  2330 | D:3      | Reached skill level 4 in Conjurations
  2591 | D:3      | Gained mutation: When seriously injured, your bleeding wounds create armour. (AC +6) [demonic ancestry]
  2591 | D:3      | Reached XP level 5. HP: 12/35 MP: 7/9
  2592 | D:3      | Quit the game

Vault maps used:
D:1:      dpeg_arrival_boxes_within_box, minmay_surrounded

Skill      XL: |  1  2  3  4 |
---------------+-------------+-----
Conjurations   | 2 3 4 |  4.5
Translocations | 1 |  1.0
Air Magic      | 1 |  1.0
Poison Magic   | 1 |  1.1
Dodging        | |  1.7
Stealth        | |  1.7
Spellcasting   | |  3.0
Summonings     | |  1.0

Action                   |  1- 3 |  4- 6 || total
-------------------------+-------+-------++-------
Melee: Spear             |    10 |    12 ||    22
       Short sword       |    10 |       ||    10
       Unarmed           |     3 |       ||     3
       Hand axe          |       |    17 ||    17
 Fire: Blowgun           |       |     4 ||     4
 Cast: Magic Dart        |    87 |    45 ||   132
  Eat: Chunk             |     3 |     2 ||     5
Armor: Robe              |     5 |     4 ||     9
Dodge: Dodged            |    20 |    24 ||    44

Table legend:
 A = Spawn XP
 B = Non-spawn XP
 C = Spawn XP percentage of total XP
 D = Spawn monster count
 E = Non-spawn monster count
 F = Spawn count percentage of total count
 G = Total turns spent on level
                    A         B        C        D         E        F      G
               +---------+---------+-------+---------+---------+-------+---------
         Total |       0 |     218 |   0.0 |       0 |      65 |   0.0 |  2592
               +---------+---------+-------+---------+---------+-------+---------
           D:1 |       0 |      33 |   0.0 |       0 |      17 |   0.0 |  1009
           D:2 |       0 |      52 |   0.0 |       0 |      19 |   0.0 |   892
           D:3 |       0 |     133 |   0.0 |       0 |      29 |   0.0 |   691
               +---------+---------+-------+---------+---------+-------+---------
